EL
NEW HAMPSHIRE FISHER CATS @ AKRON RUBBERDUCKS
09/01/2045
 
TOP OF THE 1ST
New Hampshire Fisher Cats batting - Pitching for Akron RubberDucks : RHP Matt Zambon
Pitching: RHP Matt Zambon
Batting: LHB Yoshinari Nara 0-0: Foul Ball, location: 2F
0-1: Ground out 6-3 (Groundball, 6M, EV 87.5 MPH)
Batting: RHB Finn Ross 0-0: Fly out, F7 (Flyball, 78D, EV 96.2 MPH)
Batting: LHB Rodrigo Briceno 0-0: DOUBLE (Line Drive, 7LD, EV 103.8 MPH)
Batting: LHB Jesus Romero 0-0: Ball
1-0: Called Strike
1-1: Ball
2-1: Ground out 6-3 (Groundball, 6S, EV 70.6 MPH)
Top of the 1st over - 0 runs, 1 hit, 0 errors, 1 left on base; New Hampshire 0 - Akron 0
BOTTOM OF THE 1ST
Akron RubberDucks batting - Pitching for New Hampshire Fisher Cats : RHP Edward Saunders
Pitching: RHP Edward Saunders
Batting: LHB Corey Trevor 0-0: Ball
1-0: Ball
2-0: Called Strike
2-1: Foul Ball, location: 2F
2-2: Foul Ball, location: 2F
2-2: Ball
3-2: Ground out 5-3 (Groundball, 5, EV 112.5 MPH)
Batting: LHB Tim Fuller 0-0: Ball
1-0: Called Strike
1-1: Ground out 5-3 (Groundball, 5, EV 90.0 MPH)
Batting: LHB Nick Welling 0-0: Foul Ball, location: 2F
0-1: Ground out U3 (Groundball, 3, EV 93.8 MPH)
Bottom of the 1st over - 0 runs, 0 hits, 0 errors, 0 left on base; New Hampshire 0 - Akron 0
TOP OF THE 2ND
New Hampshire Fisher Cats batting - Pitching for Akron RubberDucks : RHP Matt Zambon
Batting: RHB Adam McGurn 0-0: Ball
1-0: Ball
2-0: Ball
3-0: Base on Balls
Batting: RHB Tony Rosas 0-0: Swinging Strike
0-1: Called Strike
0-2: Strikes out looking
Batting: RHB Cyril Husson 0-0: Ball
1-0: Ball
2-0: Foul Ball, location: 2F
2-1: Called Strike
2-2: Foul Ball, location: 2F
2-2: Strikes out swinging
Batting: RHB Darren McCarty Jr. Pickoff Throw to First - Error! E1
Adam McGurn to second
0-0: Ball
1-0: Swinging Strike
1-1: SINGLE (Line Drive, 5D, EV 99.4 MPH)
Adam McGurn to third
Runner from 3rd tries for Home, SAFE, throw by LF to home
Darren McCarty Jr. to second
Batting: SHB Tristan Dearing 0-0: Called Strike
0-1: Called Strike
0-2: Ball
1-2: Strikes out swinging
Top of the 2nd over - 1 run, 1 hit, 1 error, 1 left on base; New Hampshire 1 - Akron 0
BOTTOM OF THE 2ND
Akron RubberDucks batting - Pitching for New Hampshire Fisher Cats : RHP Edward Saunders
Batting: RHB Adrian Martinelli 0-0: Ground out 6-3 (Groundball, 6S, EV 80.0 MPH)
Batting: RHB Andy Lewis 0-0: Ball
1-0: Ball
2-0: Ball
3-0: Called Strike
3-1: Base on Balls
Batting: RHB Willie Gonzales 0-0: Ball
1-0: Called Strike
1-1: Foul Ball, location: 2F
1-2: Grounds into double play, 4-6-3 (Groundball, 4M, EV 87.5 MPH)
Bottom of the 2nd over - 0 runs, 0 hits, 0 errors, 0 left on base; New Hampshire 1 - Akron 0
TOP OF THE 3RD
New Hampshire Fisher Cats batting - Pitching for Akron RubberDucks : RHP Matt Zambon
Batting: LHB Yoshinari Nara 0-0: Foul Ball, location: 2F
0-1: Ball
1-1: Called Strike
1-2: Ball
2-2: Strikes out swinging
Batting: RHB Finn Ross 0-0: Ball
1-0: Fly out, F8 (Flyball, 89M, EV 92.5 MPH)
Batting: LHB Rodrigo Briceno 0-0: Swinging Strike
0-1: Called Strike
0-2: Ball
1-2: Ball
2-2: Ball
3-2: Foul Ball, location: 2F
3-2: Base on Balls
Batting: LHB Jesus Romero 0-0: Foul Ball, location: 2F
0-1: DOUBLE (Line Drive, 9LD, EV 111.2 MPH)
Rodrigo Briceno to third
Runner from 3rd tries for Home, SAFE, throw by RF to trailing runner, SAFE at third!
Batting: RHB Adam McGurn 0-0: Foul Ball, location: 2F
0-1: Foul Ball, location: 2F
0-2: Foul Ball, location: 2F
0-2: Ball
1-2: DOUBLE (Flyball, 8LXD, EV 103.8 MPH)
Jesus Romero scores
Batting: RHB Tony Rosas 0-0: Ball
1-0: Ground out 6-3 (Groundball, 6, EV 88.1 MPH)
Top of the 3rd over - 2 runs, 2 hits, 0 errors, 1 left on base; New Hampshire 3 - Akron 0
BOTTOM OF THE 3RD
Akron RubberDucks batting - Pitching for New Hampshire Fisher Cats : RHP Edward Saunders
Batting: LHB John Dietrich 0-0: Fly out, F8 (Flyball, 8LS, EV 85.0 MPH)
Batting: RHB Reynaldo Herrera 0-0: Ball
1-0: Ball
2-0: Ball
3-0: Swinging Strike
3-1: Called Strike
3-2: Ground out U3 (Groundball, 34S, EV 68.8 MPH)
Batting: RHB Gashie Chimsima 0-0: Ball
1-0: Swinging Strike
1-1: Called Strike
1-2: Ball
2-2: Ball
3-2: Foul Ball, location: 2F
3-2: Strikes out swinging
Bottom of the 3rd over - 0 runs, 0 hits, 0 errors, 0 left on base; New Hampshire 3 - Akron 0
TOP OF THE 4TH
New Hampshire Fisher Cats batting - Pitching for Akron RubberDucks : RHP Matt Zambon
Batting: RHB Cyril Husson 0-0: Called Strike
0-1: Foul Ball, location: 2F
0-2: Foul Ball, location: 2F
0-2: Ground out 6-3 (Groundball, 6, EV 88.1 MPH)
Batting: RHB Darren McCarty Jr. 0-0: Ball
1-0: Ball
2-0: Called Strike
2-1: Ball
3-1: Foul Ball, location: 2F
3-2: Strikes out swinging
Batting: SHB Tristan Dearing 0-0: Ball
1-0: Fly out, F8 (Line Drive, 8LM, EV 103.1 MPH)
Top of the 4th over - 0 runs, 0 hits, 0 errors, 0 left on base; New Hampshire 3 - Akron 0
BOTTOM OF THE 4TH
Akron RubberDucks batting - Pitching for New Hampshire Fisher Cats : RHP Edward Saunders
Batting: LHB Corey Trevor 0-0: Ball
1-0: Called Strike
1-1: Ball
2-1: Ground out 4-3 (Groundball, 4, EV 90.0 MPH)
Batting: LHB Tim Fuller 0-0: Ball
1-0: Ball
2-0: Ball
3-0: Base on Balls
Batting: LHB Nick Welling 0-0: Ball
1-0: Swinging Strike
1-1: Ball
2-1: Swinging Strike
2-2: Foul Ball, location: 2F
2-2: Foul Ball, location: 2F
2-2: Ball
3-2: Fly out, F1 (Line Drive, P, EV 73.8 MPH)
Lined into DP, 1-3 (Line Drive, P, EV 71.9 MPH)
Bottom of the 4th over - 0 runs, 0 hits, 0 errors, 0 left on base; New Hampshire 3 - Akron 0
TOP OF THE 5TH
New Hampshire Fisher Cats batting - Pitching for Akron RubberDucks : RHP Matt Zambon
DELAY Rain delay of 36 minutes in the 5th inning.
Batting: LHB Yoshinari Nara 0-0: Ball
1-0: Foul Ball, location: 2F
1-1: Ball
2-1: Ball
3-1: Swinging Strike
3-2: Base on Balls
Pitching: RHP En-guo Tsu
Batting: RHB Finn Ross 0-0: Ball
1-0: Ball
2-0: Called Strike
2-1: Called Strike
2-2: DOUBLE (Line Drive, 78XD, EV 102.5 MPH)
Yoshinari Nara to third
Runner from 3rd tries for Home, SAFE, no throw by LF
Batting: LHB Rodrigo Briceno 0-0: Called Strike
Finn Ross steals 3rd base
0-1: Swinging Strike
0-2: SINGLE (Line Drive, 9LS, EV 98.1 MPH)
Finn Ross scores
Batting: LHB Jesus Romero 0-0: Foul Ball, location: 2F
0-1: Ball
1-1: Ball
2-1: Foul Ball, location: 2F
2-2: Ball
3-2: Fly out, F7 (Flyball, 7LS, EV 86.2 MPH)
Batting: RHB Adam McGurn 0-0: Ball
1-0: Called Strike
1-1: Swinging Strike
1-2: Strikes out swinging
Batting: RHB Tony Rosas 0-0: Called Strike
0-1: Ball
1-1: Foul Ball, location: 2F
1-2: SINGLE (Groundball, 56D, EV 97.5 MPH) (infield hit)
Rodrigo Briceno to second
Batting: RHB Cyril Husson 0-0: Called Strike
0-1: Fielders Choice at 2nd, 5-4 (Groundball, 5, EV 79.4 MPH)
Top of the 5th over - 2 runs, 3 hits, 0 errors, 2 left on base; New Hampshire 5 - Akron 0
BOTTOM OF THE 5TH
Akron RubberDucks batting - Pitching for New Hampshire Fisher Cats : RHP Edward Saunders
Batting: RHB Adrian Martinelli 0-0: Swinging Strike
0-1: Called Strike
0-2: Ball
1-2: Strikes out swinging
Batting: RHB Andy Lewis 0-0: Fly out, F8 (Flyball, 8LD, EV 99.4 MPH)
Batting: RHB Willie Gonzales 0-0: Ball
1-0: Ball
2-0: Called Strike
2-1: Foul Ball, location: 2F
2-2: Ball
3-2: Strikes out swinging
Bottom of the 5th over - 0 runs, 0 hits, 0 errors, 0 left on base; New Hampshire 5 - Akron 0
TOP OF THE 6TH
New Hampshire Fisher Cats batting - Pitching for Akron RubberDucks : RHP En-guo Tsu
Batting: RHB Darren McCarty Jr. 0-0: Called Strike
0-1: Ball
1-1: Ball
2-1: Ball
3-1: Fly out, F4 (Popup, 34S, EV 68.8 MPH)
Pitching: RHP Josh Holloway
Batting: SHB Tristan Dearing 0-0: Called Strike
0-1: Ball
1-1: Called Strike
1-2: Ball
2-2: Strikes out swinging
Batting: LHB Yoshinari Nara 0-0: Called Strike
0-1: Ball
1-1: Called Strike
1-2: Strikes out looking
Top of the 6th over - 0 runs, 0 hits, 0 errors, 0 left on base; New Hampshire 5 - Akron 0
BOTTOM OF THE 6TH
Akron RubberDucks batting - Pitching for New Hampshire Fisher Cats : RHP Edward Saunders
Batting: LHB John Dietrich 0-0: Ball
1-0: SOLO HOME RUN (Flyball, 7D, EV 95.0 MPH), Distance : 370 ft
Batting: RHB Reynaldo Herrera 0-0: Foul Ball, location: 2F
0-1: Called Strike
0-2: Strikes out swinging
Batting: RHB Gashie Chimsima 0-0: Foul Ball, location: 2F
0-1: Called Strike
0-2: Foul Ball, location: 2F
0-2: Strikes out looking
Batting: LHB Corey Trevor 0-0: Foul Ball, location: 2F
0-1: Ball
1-1: Called Strike
1-2: Foul Ball, location: 2F
1-2: SINGLE (Line Drive, 56, EV 94.4 MPH)
Batting: LHB Tim Fuller 0-0: Ball
1-0: Ball
2-0: Fly out, F8 (Flyball, 8LM, EV 85.0 MPH)
Bottom of the 6th over - 1 run, 2 hits, 0 errors, 1 left on base; New Hampshire 5 - Akron 1
TOP OF THE 7TH
New Hampshire Fisher Cats batting - Pitching for Akron RubberDucks : RHP Josh Holloway
Pitching: RHP Nate Souza
Batting: RHB Finn Ross 0-0: Ball
1-0: Ball
2-0: Called Strike
2-1: Swinging Strike
2-2: Strikes out swinging
Batting: LHB Rodrigo Briceno 0-0: Ground out 6-3 (Groundball, 6M, EV 83.8 MPH)
Batting: LHB Jesus Romero 0-0: Ball
1-0: Foul Ball, location: 2F
1-1: SINGLE (Line Drive, 78M, EV 88.8 MPH)
Batting: RHB Adam McGurn 0-0: Ball
1-0: Called Strike
1-1: Called Strike
1-2: Foul Ball, location: 2F
1-2: Strikes out swinging
Top of the 7th over - 0 runs, 1 hit, 0 errors, 1 left on base; New Hampshire 5 - Akron 1
BOTTOM OF THE 7TH
Akron RubberDucks batting - Pitching for New Hampshire Fisher Cats : RHP Edward Saunders
Batting: LHB Nick Welling 0-0: Ground out 6-3 (Groundball, 6, EV 101.9 MPH)
Pitching: RHP Germano Nunes
Batting: RHB Adrian Martinelli 0-0: Ball
1-0: Ball
2-0: Foul Ball, location: 2F
2-1: Ball
3-1: Ground out 5-3 (Groundball, 56, EV 78.1 MPH)
Batting: RHB Andy Lewis 0-0: Ball
1-0: Swinging Strike
1-1: Ground out 4-3 (Groundball, 4, EV 86.9 MPH)
Bottom of the 7th over - 0 runs, 0 hits, 0 errors, 0 left on base; New Hampshire 5 - Akron 1
TOP OF THE 8TH
New Hampshire Fisher Cats batting - Pitching for Akron RubberDucks : RHP Nate Souza
Pitching: RHP Chris Cohen
Batting: RHB Tony Rosas 0-0: Ball
1-0: Foul Ball, location: 2F
1-1: Ball
2-1: Ball
3-1: Foul Ball, location: 2F
3-2: Fly out, F8 (Flyball, 8RD, EV 93.8 MPH)
Batting: RHB Cyril Husson 0-0: Ball
1-0: Called Strike
1-1: Foul Ball, location: 2F
1-2: Ball
2-2: Foul Ball, location: 2F
2-2: Strikes out swinging
Batting: RHB Darren McCarty Jr. 0-0: Ball
1-0: Called Strike
1-1: Swinging Strike
1-2: Ball
2-2: Strikes out swinging
Top of the 8th over - 0 runs, 0 hits, 0 errors, 0 left on base; New Hampshire 5 - Akron 1
BOTTOM OF THE 8TH
Akron RubberDucks batting - Pitching for New Hampshire Fisher Cats : RHP Germano Nunes
Now at 2B: John Loving
Now at 3B: Tony Rosas
Batting: RHB Willie Gonzales 0-0: Called Strike
0-1: Ball
1-1: Ball
2-1: Swinging Strike
2-2: Ball
3-2: Foul Ball, location: 2F
3-2: Foul Ball, location: 2F
3-2: Strikes out looking
Batting: LHB John Dietrich 0-0: Foul Ball, location: 2F
0-1: Ball
1-1: Swinging Strike
1-2: Strikes out looking
Batting: RHB Reynaldo Herrera 0-0: Called Strike
0-1: DOUBLE (Line Drive, 78M, EV 110.6 MPH)
Batting: RHB Gashie Chimsima 0-0: Ball
1-0: Foul Ball, location: 2F
1-1: Ball
2-1: Swinging Strike
2-2: Strikes out swinging
Bottom of the 8th over - 0 runs, 1 hit, 0 errors, 1 left on base; New Hampshire 5 - Akron 1
TOP OF THE 9TH
New Hampshire Fisher Cats batting - Pitching for Akron RubberDucks : RHP Chris Cohen
Batting: SHB Tristan Dearing 0-0: Called Strike
0-1: Fly out, F5 (Popup, 56S, EV 68.8 MPH)
Batting: LHB Yoshinari Nara 0-0: Called Strike
0-1: Foul Ball, location: 2F
0-2: Ball
1-2: Strikes out swinging, 2-3 out at first.
Batting: RHB Finn Ross 0-0: Foul Ball, location: 2F
0-1: Ball
1-1: Foul Ball, location: 2F
1-2: Ball
2-2: Ball
3-2: Foul Ball, location: 2F
3-2: Ground out 5-3 (Groundball, 5, EV 100.6 MPH)
Top of the 9th over - 0 runs, 0 hits, 0 errors, 0 left on base; New Hampshire 5 - Akron 1
BOTTOM OF THE 9TH
Akron RubberDucks batting - Pitching for New Hampshire Fisher Cats : RHP Germano Nunes
Now at 2B: Jordan Fairburn
Now at 3B: John Loving
Batting: LHB Corey Trevor 0-0: Ball
1-0: Fly out, F7 (Flyball, 7S, EV 78.8 MPH)
Batting: LHB Tim Fuller 0-0: Foul Ball, location: 2F
0-1: Ball
1-1: Ball
2-1: DOUBLE (Flyball, 78D, EV 105.0 MPH)
Batting: LHB Nick Welling 0-0: Foul Ball, location: 2F
0-1: Ball
1-1: Ball
2-1: Ball
3-1: Fly out, F6 (Flyball, 6MD, EV 83.8 MPH)
Batting: RHB Adrian Martinelli 0-0: Called Strike
0-1: Swinging Strike
0-2: SINGLE (Groundball, 34D, EV 93.8 MPH)
Tim Fuller to third
Pitching: LHP Mario Amore
Batting: RHB Andy Lewis 0-0: Foul Ball, location: 2F
0-1: Called Strike
0-2: Fielders Choice at 2nd, 6-4 (Groundball, 56, EV 94.4 MPH)
Bottom of the 9th over - 0 runs, 2 hits, 0 errors, 2 left on base; New Hampshire 5 - Akron 1
Wednesday, June 22nd , 2022 - OOTP Baseball 23.4 Build 64